 Dungeon Crawl Stone Soup version 0.18-a0-1125-g2bdabe5 (webtiles) character file.

6498 Reinor the Destroyer (level 11, -14/66 HPs)
             Began as a Tengu Conjurer on Jan 20, 2016.
             Was a Believer of Vehumet.
             Killed from afar by Erica (25 damage)
             ... with an orb of energy
             ... on level 9 of the Dungeon.
             The game lasted 01:06:58 (11542 turns).

Reinor the Destroyer (Tengu Conjurer)              Turns: 11542, Time: 01:06:58

Health: -14/66     AC:  4    Str:  8    XL:     11   Next: 0%
Magic:  0/21       EV: 25    Int: 23    God:    Vehumet [**....]
Gold:   443        SH:  7    Dex: 21    Spells: 5 memorised, 7 levels left

rFire  . . .     SeeInvis .     w - +1 whip (freeze)
rCold  . . .     Gourm    .     j - +0 leather armour
rNeg   . . .     Faith    .     a - +1 buckler
rPois  .         Spirit   +     (helmet restricted)
rElec  .         Dismiss  .     n - +0 cloak
rCorr  .         Reflect  .     (no gloves)
SustAt .         Harm     .     (boots unavailable)
MR     .....                    q - amulet of guardian spirit
Stlth  ++++......               (no ring)
                                y - ring of stealth

@: brilliant, agile, lethally poisoned (-14 -> -20), not resistant to hostile
enchantments, stealthy
A: beak, talons 3, blink, robust 1, wild magic 1, able to fly 1
a: Fly, Blink, Renounce Religion


You were on level 9 of the Dungeon.
You worshipped Vehumet.
Vehumet was pleased with you.
You were hungry.

You visited 2 branches of the dungeon, and saw 10 of its levels.
You also visited: Ossuary.

You collected 443 gold pieces.

Inventory:

Hand Weapons
 u - a +0 quarterstaff
 w - a +1 whip of freezing (weapon)
Armour
 a - a +1 buckler (worn)
 j - a +0 leather armour (worn)
 n - a +0 cloak (worn)
Jewellery
 o - an uncursed amulet of harm
 q - an amulet of guardian spirit (around neck)
 y - a ring of stealth (left hand)
Wands
 t - a wand of fire (0/15)
Scrolls
 d - a scroll of immolation {unknown}
 e - 2 scrolls of enchant weapon
 h - 2 scrolls of recharging
 k - a scroll of magic mapping
 p - 2 scrolls of amnesia
 s - 5 scrolls of remove curse
 z - a scroll of enchant armour
Potions
 l - 2 potions of might
 r - a potion of haste
 v - a potion of flight
 A - a potion of berserk rage
Books
 b - a book of Conjurations

   Spells                             Type                      Level
   a - Magic Dart                     Conjuration                  1
   b - Searing Ray                    Conjuration                  2
   c - Dazzling Spray                 Conjuration/Hexes            3
   d - Fulminant Prism                Conjuration/Hexes            4
   e - Iskenderun's Mystic Blast      Conjuration                  4
   f - Iskenderun's Battlesphere      Conjuration/Charms           5
Comestibles
 c - 5 bread rations
 f - 4 meat rations
 m - 3 slices of pizza
 C - 9 royal jellies
 D - 3 beef jerkies


   Skills:
 - Level 3.4 Fighting
 - Level 10.1 Dodging
 - Level 2.0 Stealth
 - Level 4.0 Shields
 - Level 6.0 Spellcasting
 + Level 12.4 Conjurations
 - Level 5.0 Charms


You had 7 spell levels left.
You knew the following spells:

 Your Spells              Type           Power        Failure   Level  Hunger
b - Searing Ray           Conj           ######       1%          2    None
c - Dazzling Spray        Conj/Hex       ######..     1%          3    #......
d - Iskenderun's Mystic   Conj           #######.     1%          4    ###....
e - Iskenderun's Battles  Conj/Chrm      ######..     2%          5    #####..
f - Shock                 Conj/Air       ####         1%          1    None


Dungeon Overview and Level Annotations

Branches:
Dungeon (9/15)             Temple (1/1) D:7
   Lair: D:8-11         Orc: D:9-12

Altars:
Cheibriados
Elyvilon
Fedhas
Kikubaaqudgha
Makhleb
Nemelex Xobeh
Okawaru
Qazlal
Sif Muna
Trog
Vehumet
Xom
Yredelemnul
Zin

Annotations:
D:9 Erica, Maurice


Innate Abilities, Weirdness & Mutations

You have a beak for a mouth.
You have claws for feet.
You can fly.
You can translocate small distances at will.
You are robust (+10% HP).
Your spells are a little harder to cast, but a little more powerful.


Message History

A bolt of poison appears from out of thin air!
The bolt of poison hits you!
You are poisoned.
Drink which item? (? for menu, Esc to quit)
It was a potion of brilliance.
You feel clever all of a sudden.
You feel sick. Something hits you!
* * * LOW HITPOINT WARNING * * *
Something burns you.
* * * LOW HITPOINT WARNING * * *
Read which item? (? for menu, Esc to quit)
Okay, then.
Okay, then.
You feel sick.
You feel sick.
You feel sick.
You hear some strange, mumbled words.
An orb of energy appears from out of thin air!
The orb of energy hits you!
You die...

##.#.######.###########.#
####....######.#........##.#
##................######.##.#####
..........#####..#...........(...
##.#......#####..#.#####..).(####
#.#.............#.# #..##.#
#>#......####...#.#####.>##.#
#.#......# #............##.#
#.###.##.####..@..#####..##.# #.#
#.....†....##.# #.>##.#
##.######.########.# #..##.####
..........# #.# #.........
.......##.# #.#####..##.####
.......##.###### #...........#
...............###.#####..######
.......##@# #.#.##.............#
.......##.##.###.#######..####.#


There were no monsters in sight!

Vanquished Creatures
  Pikel (D:4)
  A troll (D:9)
  A two-headed ogre (D:8)
  4 yaks (D:9)
  A wyvern (D:8)
  A hungry ghost (D:7)
  2 hippogriffs
  A soldier ant (D:8)
  Duvessa (D:4)
  A water moccasin (D:9)
  2 orc warriors
  3 ice beasts
  4 sky beasts
  2 slaves (D:4)
  2 ogres (D:7)
  5 wasps
  4 phantoms
  3 centaurs
  6 giant frogs
  A wyvern zombie (D:9)
  Dowan (D:4)
  A wyvern skeleton (D:7)
  3 scorpions
  4 crimson imps
  A giant frog zombie (D:5)
  2 quasits
  9 orc wizards
  6 orc priests
  6 hounds
  4 iguanas
  10 worker ants
  A mummy (D:8)
  6 adders
  4 shadow imps
  An ooze (D:6)
  2 adder zombies
  A worm (D:5)
  5 giant geckos
  41 orcs
  2 ball pythons
  7 giant cockroaches
  A gnoll zombie (Ossuary)
  10 hobgoblins
  13 jackals
  6 kobolds
  8 quokkas
  5 bats
  4 giant newts
  6 goblins
  2 goblin zombies (D:8)
  2 quokka skeletons (D:4)
  4 rats
  2 rat zombies (Ossuary)
226 creatures vanquished.

Notes
Turn   | Place    | Note
--------------------------------------------------------------
     0 | D:1      | Reinor the Tengu Conjurer began the quest for the Orb.
     0 | D:1      | Reached XP level 1. HP: 10/10 MP: 4/4
   205 | D:1      | Reached XP level 2. HP: 15/15 MP: 3/6
   221 | D:1      | Reached skill level 6 in Conjurations
   488 | D:1      | Reached XP level 3. HP: 19/19 MP: 2/7
   997 | D:2      | Found an ancient bone altar of Kikubaaqudgha.
  1069 | D:2      | Reached skill level 7 in Conjurations
  1251 | D:2      | Reached XP level 4. HP: 24/24 MP: 5/8
  1546 | D:2      | Found a shimmering altar of Xom.
  1712 | D:2      | Learned a level 2 spell: Searing Ray
  1716 | D:2      | Learned a level 3 spell: Dazzling Spray
  2010 | D:3      | Gained mutation: You can fly. [Tengu growth]
  2010 | D:3      | Reached XP level 5. HP: 28/28 MP: 4/10
  2266 | D:3      | Reached skill level 1 in Shields
  2477 | D:4      | Noticed a slave
  2477 | D:4      | Noticed a slave
  2545 | D:5      | Entered Level 5 of the Dungeon
  2553 | D:5      | Reached XP level 6. HP: 22/32 MP: 3/11
  2571 | D:5      | Learned a level 4 spell: Iskenderun's Mystic Blast
  2715 | D:5      | Gained mutation: Your spells are a little harder to cast, but a little more powerful. [potion of mutation]
  2715 | D:5      | Gained mutation: You can translocate small distances at will. [potion of mutation]
  2715 | D:5      | Gained mutation: You are robust (+10% HP). [potion of mutation]
  2759 | D:5      | Noticed a sky beast
  3070 | D:5      | Noticed an ice beast
  3075 | D:5      | Killed an ice beast
  3075 | D:5      | Reached XP level 7. HP: 23/39 MP: 7/12
  3546 | D:5      | Reached skill level 5 in Dodging
  3839 | D:5      | Found a sparkling altar of Nemelex Xobeh.
  3840 | D:5      | Found a blossoming altar of Fedhas.
  4449 | D:4      | Reached skill level 8 in Conjurations
  4575 | D:4      | Reached XP level 8. HP: 45/45 MP: 0/13
  4673 | D:4      | Noticed Duvessa
  4728 | D:4      | Killed Duvessa
  4728 | D:4      | Reached skill level 9 in Conjurations
  4729 | D:4      | Noticed Dowan
  4760 | D:4      | Killed Dowan
  4890 | D:4      | Found a snail-covered altar of Cheibriados.
  5040 | D:4      | Noticed Pikel
  5098 | D:4      | Killed Pikel
  5098 | D:4      | Reached skill level 11 in Conjurations
  5302 | D:5      | Reached XP level 9. HP: 33/49 MP: 0/14
  5528 | D:6      | Reached skill level 12 in Conjurations
  6450 | D:7      | Found a staircase to the Ecumenical Temple.
  6459 | Temple   | Entered the Ecumenical Temple
  6480 | Temple   | Became a worshipper of Vehumet
  6527 | D:7      | Reached skill level 5 in Spellcasting
  7584 | D:7      | Learned a level 5 spell: Iskenderun's Battlesphere
  8045 | D:7      | Reached * piety under Vehumet
  8045 | D:7      | Offered knowledge of Shock by Vehumet.
  8045 | D:7      | Reached XP level 10. HP: 37/61 MP: 2/20
  8088 | D:7      | Learned a level 1 spell: Shock
  8602 | D:8      | Found a sand-covered staircase.
  8618 | Ossuary  | Entered an ossuary
  8963 | D:8      | Found a glowing silver altar of Zin.
  9435 | D:8      | Reached ** piety under Vehumet
  9521 | D:8      | Reached skill level 10 in Dodging
  9523 | D:8      | Offered knowledge of Sting by Vehumet.
  9523 | D:8      | Reached skill level 1 in Charms
  9826 | D:9      | Noticed Erica
  9874 | D:9      | Noticed Maurice
 10866 | D:9      | Found a basalt altar of Yredelemnul.
 10935 | D:9      | Offered knowledge of Static Discharge by Vehumet.
 11026 | D:9      | Reached skill level 5 in Charms
 11530 | D:9      | Reached XP level 11. HP: 51/66 MP: 15/21
 11542 | D:9      | Killed from afar by Erica

Vault maps used:
D:1:      mrwooster_arrival_statue
D:2:      lemuel_upstairs_altar, kiku_gazebo_pond_becter, tgw_xom
D:3:      kennysheep_nondescript
D:4:      cheibriados_altar_1, uniq_pikel, uniq_duvessa
D:5:      minitemple, portal_sewer_entry_f, first_bread
D:7:      temple_fountains, dk_noncrumbling_3
D:8:      zin_statuary, enter_ossuary_4, hangedman_pestilent_swarm,
          grunt_ministairs_1
D:9:      yredelemnul_altar_generic, uniq_erica, uniq_maurice
Temple:   water_room_temple_a_12
Ossuary:  ossuary_minmay_tomb_2a

Action                   |  1- 3 |  4- 6 |  7- 9 | 10-12 || total
-------------------------+-------+-------+-------+-------++-------
Melee: Short sword       |    11 |       |       |       ||    11
       Dagger            |       |    32 |    21 |       ||    53
       Whip              |       |       |    36 |    72 ||   108
 Cast: Magic Dart        |    65 |    71 |   129 |    55 ||   320
       Dazzling Spray    |       |     2 |    13 |     5 ||    20
       Searing Ray       |       |     4 |    30 |    22 ||    56
       Iskenderun's Myst |       |       |    16 |    35 ||    51
       Shock             |       |       |       |    40 ||    40
Evoke: Wand              |       |       |     1 |       ||     1
  Use: Scroll            |     6 |     5 |     5 |     7 ||    23
       Potion            |       |     3 |     4 |     4 ||    11
 Stab: Sleeping          |       |     1 |       |       ||     1
       Petrified         |       |     1 |       |       ||     1
  Eat: Chunk             |     2 |     7 |    17 |    13 ||    39
       Fruit             |       |       |     2 |     4 ||     6
